 Dungeon Crawl Stone Soup version 0.20-a0-960-ge493e74 (webtiles) character file.

19 M4edhros the Grave Robber (level 2, 0/18 HPs)
             Began as an Octopode Necromancer on Apr 7, 2017.
             Succumbed to an adder's poison
             ... on level 2 of the Dungeon.
             The game lasted 00:01:04 (218 turns).

M4edhros the Grave Robber (Octopode Necromancer)     Turns: 218, Time: 00:01:05

Health: 0/18       AC:  1    Str:  7    XL:     2   Next: 75%
Magic:  5/5        EV: 13    Int: 17    God:
Gold:   22         SH:  0    Dex: 12    Spells: 3/5 levels left

rFire    . . .     SeeInvis .     - Unarmed
rCold    . . .     Gourm    .   (no shield)
rNeg     . . .     Faith    .   (helmet restricted)
rPois    .         Spirit   .   (no amulet)
rElec    .         Reflect  .   (no ring)
rCorr    .         Harm     .   (no ring)
MR       .....                  (no ring)
Stlth    +++.......             (no ring)
Regen    0.1/turn               (no ring)
MPRegen  0.1/turn               (no ring)
                                (no ring)
                                (no ring)

@: lethally poisoned (0 -> -4)
A: almost no armour, stealthy swim, amphibious, 8 rings, constrict 8, camouflage
1, gelatinous body 1
a: no special abilities


You were on level 2 of the Dungeon.
You were not hungry.

You visited 1 branch of the dungeon, and saw 2 of its levels.

You collected 22 gold pieces.

Inventory:

Scrolls
 c - a scroll of remove curse {unknown}
 e - a scroll of blinking {unknown}
Books
 a - a book of Necromancy

   Spells                             Type                      Level
   a - Pain                           Necromancy                   1
   b - Animate Skeleton               Necromancy                   1
   c - Vampiric Draining              Necromancy                   3
   d - Regeneration                   Charms/Necromancy            3
   e - Animate Dead                   Necromancy                   4
   f - Control Undead                 Necromancy                   4
Comestibles
 b - a bread ration
 d - 3 chunks of flesh


   Skills:
 + Level 0.6 Fighting
 + Level 2.4 Dodging
 + Level 3.1 Stealth
 * Level 1.1 Unarmed Combat
 - Level 2.0 Spellcasting
 - Level 4.0 Necromancy


You had 3 spell levels left.
You knew the following spells:

 Your Spells              Type           Power        Failure   Level  Hunger
a - Pain                  Necr           ###.         3%          1    #......
b - Animate Skeleton      Necr           N/A          3%          1    #......


Dungeon Overview and Level Annotations

Branches:
Dungeon (1/15)

Altars:


Innate Abilities, Weirdness & Mutations

You cannot wear most types of armour.
You are very stealthy in the water. (Stealth+)
You are amphibious.
You can wear up to eight rings at the same time.
You can use your tentacles to constrict eight enemies at once.
Your skin changes colour to match your surroundings (Stealth+).
Your rubbery body absorbs attacks. (AC +1, EV +1)


Message History

* * * LOW HITPOINT WARNING * * *
You feel sick.
Unknown command.
You swap places.
* * * LOW HITPOINT WARNING * * *
You feel sick.
You aren't carrying any potions.
* * * LOW HITPOINT WARNING * * *
You feel sick.
* * * LOW HITPOINT WARNING * * *
You feel sick.
You see here a scroll labeled WONOFE SOTINN.
* * * LOW HITPOINT WARNING * * *
You feel sick.
You see here a scroll labeled WONOFE SOTINN.
e - a scroll labeled WONOFE SOTINN You swap places.
* * * LOW HITPOINT WARNING * * *
You feel sick.
You die...

##### ###...###
########.......#
#......#.......### #
####.#..Z.......#
##.#.#.....@.Z....###.#
#......##.#....)..# .#
##.#......#.......# .#
#.###..###########.# ...
#.## #.......#
###.###..#####.##.Z..#
#..........Z.##.#.#####
#.#.##.......##...Z...###
... #.......##.#..##....


You could see a friendly frilled lizard skeleton and a friendly kobold skeleton.

Vanquished Creatures
  An adder (D:2)
  An ooze (D:2)
  2 dart slugs (D:2)
  A quokka (D:2)
  A frilled lizard (D:2)
6 creatures vanquished.

Vanquished Creatures (collateral kills)
  A goblin (D:2)
  A kobold (D:2)
2 creatures vanquished.

Grand Total: 8 creatures vanquished

Notes
Turn   | Place    | Note
-------+----------+-------------------------------------------
     0 | D:1      | M4edhros the Octopode Necromancer began the quest for the Orb.
     0 | D:1      | Reached XP level 1. HP: 11/11 MP: 3/3
     9 | D:1      | You fall through a shaft!
    40 | D:2      | Learned a level 1 spell: Animate Skeleton
   132 | D:2      | Reached XP level 2. HP: 8/18 MP: 5/5
   138 | D:2      | Reached skill level 1 in Unarmed Combat
   218 | D:2      | Succumbed to an adder's poison

Vault maps used:
D:1:      minmay_arrival_hallway
D:2:      chequers_temple_overflow_statue_of_worship, xom_redecorated,
          first_bread, uniq_sigmund

Skill      XL: |  1  2 |
---------------+-------+-----
Unarmed Combat | 1 |  1.1
Stealth        | 3 |  3.1
Fighting       | |  0.6
Dodging        | |  2.4
Spellcasting   | |  2.0
Necromancy     | |  4.0

Action                   || total
-------------------------++-------
Melee: Unarmed           ||    21
       Constrict         ||     5
       Tentacles         ||     6
 Cast: Pain              ||     4
       Animate Skeleton  ||     3
Armor: Skin              ||     1
Dodge: Dodged            ||     8
